 Dungeon Crawl Stone Soup version 0.26-a0-200-g62faa89a7e (webtiles) character file.

Game seed: 3178996521237456305

160 Gargoyl the Skirmisher (level 5, -2/45 HPs)
             Began as a Centaur Abyssal Knight on July 5, 2020.
             Was a Believer of Lugonu.
             Killed by divine providence
             ... invoked by an orc priest
              (11 damage)
             ... on level 4 of the Dungeon.
             The game lasted 00:04:53 (3003 turns).

Gargoyl the Skirmisher (Centaur Abyssal Knight)     Turns: 3003, Time: 00:04:53

Health: -2/45      AC: 10    Str: 15    XL:     5   Next: 17%
Magic:  7/7        EV:  4    Int: 11    God:    Lugonu [**....]
Gold:   130        SH:  0    Dex:  9    Spells: 4/4 levels left

rFire    . . .     SeeInvis .   a - +1 hand axe
rCold    . . .     Faith    .   (no shield)
rNeg     . . .     Spirit   .   d - +0 chain mail
rPois    .         Reflect  .   (no helmet)
rElec    .         Harm     .   m - +1 cloak
rCorr    .                      (no gloves)
MR       .....                  (no barding)
Stlth    ..........             (no amulet)
HPRegen  0.15/turn              (no ring)
MPRegen  0.10/turn              (no ring)

@: slowed
A: large, hooves 3, deformed body, speed 2, tough skin 3
a: Depart the Abyss, Bend Space, Renounce Religion


You were on level 4 of the Dungeon.
You worshipped Lugonu.
Lugonu was pleased with you.
You were not hungry.

You visited 1 branch of the dungeon, and saw 4 of its levels.
You visited the Abyss 1 time.

You collected 130 gold pieces.

Inventory:

Hand Weapons
 a - a +1 hand axe (weapon)
Missiles
 k - 7 javelins (quivered)
Armour
 d - a +0 chain mail (worn)
 m - a +1 cloak (worn)
Jewellery
 o - a +6 ring of intelligence {unknown}
Wands
 s - a wand of iceblast (10)
Scrolls
 b - 3 scrolls of fog
 g - 5 scrolls of remove curse
 h - a scroll of identify
 i - 2 scrolls of teleportation
 q - a scroll of random uselessness {unknown}
 r - a scroll of amnesia {unknown}
Potions
 e - 2 potions of heal wounds
 f - 2 potions of lignification
 j - a potion of haste {unknown}
 l - a potion of curing {unknown}
 n - 2 potions of might {unknown}
 p - a potion of resistance {unknown}
Comestibles
 c - 6 rations


   Skills:
 + Level 3.6 Fighting
 + Level 2.7 Axes
 * Level 2.6 Armour
 * Level 1.4 Dodging
 * Level 2.7 Invocations


You had 4 spell levels left.
You didn't know any spells.
Your spell library was empty.

Dungeon Overview and Level Annotations

Branches:
Dungeon (4/15)
 Temple: D:4-7

Altars:
Dithmenos
Elyvilon
Zin


Innate Abilities, Weirdness & Mutations

You have hooves in place of feet.
Armour fits poorly on your strangely shaped body.
You cover ground very quickly.
You have extremely tough skin. (AC +3)


Message History

The orc wizard casts a spell.
The orc wizard seems to speed up.
The orc wizard completely misses you.
You hear a shout!
You closely miss the orc wizard.
The orc wizard is heavily wounded.
The orc wizard hits you but does no damage.
An orc priest comes into view. It is wielding a +0 club.
The orc wizard hits you but does no damage.
You hit the orc wizard. You kick the orc wizard.
You kill the orc wizard!
Lugonu accepts your kill.
You have reached level 5!
The orc priest mumbles some strange prayers to Beogh against you.
Beogh smites you!
* * * LOW HITPOINT WARNING * * *
The orc hits you but does no damage.
The orc priest looks encouraged for a moment.
The orc priest invokes the aid of Beogh against you.
Beogh smites you!
You die...

#.# #.# ######### #.#
........# #.# #####.## #.#
##.....<. ##.##.##.###.#.
##...#.##.###.#.
####.######.............#.
.....o).o@.#...####.#####.
.###.#####.##.## #.# #.
#.##.#####.# #.
#..........# #.
####+####### #<


You could see an orc priest and an orc.

Vanquished Creatures
  An orc wizard (D:4)
  Robin (D:3)
  4 adders
  An ooze (D:1)
  2 worms (D:3)
  3 dart slugs (D:1)
  2 leopard geckos
  An orc (D:3)
  A ball python (D:2)
  3 giant cockroaches (D:2)
  5 hobgoblins
  3 jackals (D:2)
  10 bats
  2 frilled lizards
  13 goblins
  7 kobolds
  A leopard gecko skeleton (D:2)
  5 rats
65 creatures vanquished.

Notes
Turn   | Place    | Note
-------+----------+-------------------------------------------
     0 | Abyss:1  | Gargoyl the Centaur Abyssal Knight began the quest for the
                  | Orb.
     0 | Abyss:1  | Reached XP level 1. HP: 19/19 MP: 2/2
   104 | Abyss:1  | Noticed a thrashing horror
   114 | Abyss:1  | Noticed a demonic crawler
   133 | Abyss:1  | Noticed a small abomination
   138 | Abyss:1  | Noticed a small abomination
   143 | Abyss:1  | Noticed a small abomination
   145 | Abyss:1  | Noticed a golden eye
   149 | D:1      | Escaped the Abyss
   395 | D:1      | Reached XP level 2. HP: 23/26 MP: 3/3
   398 | D:1      | Reached * piety under Lugonu
   718 | D:1      | Reached skill level 1 in Dodging
   768 | D:1      | Reached XP level 3. HP: 31/31 MP: 4/4
  1589 | D:3      | Reached XP level 4. HP: 31/38 MP: 5/5
  1764 | D:3      | Noticed Robin
  1766 | D:3      | Reached ** piety under Lugonu
  1774 | D:3      | Killed Robin
  2051 | D:3      | Found a shadowy altar of Dithmenos.
  2576 | D:3      | Found a white marble altar of Elyvilon.
  2662 | D:3      | Found a glowing silver altar of Zin.
  3001 | D:4      | Reached XP level 5. HP: 21/45 MP: 7/7
  3003 | D:4      | Killed from afar by an orc priest

Illustrated notes

Levels and vault maps discovered:
D:1:      lightli_arrival_statuegarden, layout_rooms, minmay_misc_feat_diagonals
D:2:      layout_rooms
D:3:      layout_loops_ring, lemuel_coloured_pillars_altar, zin_statuary,
          nicolae_dithmenos_through_a_glass_darkly, uniq_robin
D:4:      layout_loops_corners, led_sif_book, first_ration,
          kennysheep_generic_room_15, uniq_ijyb, uniq_natasha

Skill      XL: |  1  2  3 |
---------------+----------+-----
Axes           | 2 |  2.7
Dodging        | 1 |  1.4
Armour         | 2 |  2.6
Fighting       | |  3.6
Invocations    | |  2.7

Action                   |  1- 3 |  4- 6 || total
-------------------------+-------+-------++-------
Melee: Hand axe          |    92 |    61 ||   153
       Kick              |    20 |    11 ||    31
Invok: Depart the Abyss  |     1 |       ||     1
  Use: Scroll            |     8 |       ||     8
  Eat: Chunk             |     1 |     4 ||     5
Armor: Chain mail        |    82 |    44 ||   126
Dodge: Dodged            |    26 |    11 ||    37

Table legend:
 A = Non-vault XP
 B = Vault XP
 C = Vault XP percentage of total XP
 D = Non-vault monster count
 E = Vault monster count
 F = Vault count percentage of total count
                 A         B        C        D         E       F
            +---------+---------+-------+---------+---------+-------
      Total |     202 |      27 |  11.8 |      58 |       7 |  10.8
            +---------+---------+-------+---------+---------+-------
        D:1 |      48 |       0 |   0.0 |      23 |       0 |   0.0
        D:2 |      45 |       0 |   0.0 |      20 |       0 |   0.0
        D:3 |      67 |      27 |  28.7 |      14 |       7 |  33.3
        D:4 |      42 |       0 |   0.0 |       1 |       0 |   0.0
            +---------+---------+-------+---------+---------+-------
